 Dungeon Crawl Stone Soup version 0.21.0-24-g2553a33 (webtiles) character file.

256326 HEYYEYAAE the Geomancer (level 18, -10/149 HPs)
             Began as a Demigod Earth Elementalist on Jan 18, 2018.
             Blown up by Boris (102 damage)
             ... with an orb of destruction
             ... on level 3 of the Vaults on Jan 20, 2018.
             The game lasted 02:11:30 (37699 turns).

HEYYEYAAE the Geomancer (DgEE)                     Turns: 37699, Time: 02:11:32

Health: -10/149    AC: 21    Str: 15    XL:     18   Next: 37%
Magic:  59/59      EV: 24    Int: 31    God:
Gold:   342        SH:  6    Dex: 16    Spells: 11/44 levels left

rFire    . . .     SeeInvis .   Z - staff of earth
rCold    + . .     Gourm    .   c - +0 buckler
rNeg     . . .     Faith    .   N - +4 troll leather armour
rPois    +         Spirit   .   i - +2 helmet
rElec    +         Reflect  .   E - +1 cloak of Starlight {rElec rC+ EV+4 Stlth--}
rCorr    .         Harm     .   B - +2 pair of gloves
MR       +++..                  J - +0 pair of boots of the Wilderness {Str+4}
Stlth    ..........             p - amulet of Ashenzari's Delight {RegenMP MR++ MP+9}
HPRegen  0.74/turn              M - ring of magical power
MPRegen  0.61/turn              W - ring of poison resistance

@: about to teleport
A: high mp 1
}: 2/15 runes: decaying, gossamer
a: no special abilities


You were on level 3 of the Vaults.
You were hungry.

You visited 6 branches of the dungeon, and saw 34 of its levels.
You visited 1 bazaar.
You also visited: Labyrinth.

You collected 3268 gold pieces.
You spent 2926 gold pieces at shops.

Inventory:

Hand Weapons
 C - a +9 quarterstaff of crushing
Missiles
 K - 162 stones (quivered)
Armour
 c - a +0 buckler (worn)
 i - a +2 helmet (worn)
 B - a +2 pair of gloves (worn)
 E - the +1 cloak of Starlight (worn) {rElec rC+ EV+4 Stlth--}
   (You found it on level 6 of the Dungeon)

   It affects your evasion (+4).
   It protects you from cold.
   It insulates you from electricity.
   It makes you much less stealthy.
 J - the +0 pair of boots of the Wilderness (worn) {Str+4}
   (You acquired it on level 4 of the Lair of Beasts)

   It affects your strength (+4).
 N - a +4 troll leather armour (worn)
 U - the +9 scales of the Dragon King {rPois rF+ rC+ MR+}
   (You found it on level 9 of the Dungeon)

   It protects you from fire.
   It protects you from cold.
   It protects you from poison.
   It affects your resistance to hostile enchantments.
Magical Staves
 G - an uncursed staff of air
 Z - an uncursed staff of earth (weapon)
Jewellery
 m - the ring of the Princess {rC+ Str+6 Stlth+}
   (You found it on level 1 of the Swamp)

   [ring of stealth]

   It affects your strength (+6).
   It protects you from cold.
   It makes you more stealthy.
 p - the amulet of Ashenzari's Delight (around neck) {RegenMP MR++ MP+9}
   (You bought it in a shop in a bazaar)

   [amulet of magic regeneration]

   It increases your magic regeneration.
   It affects your resistance to hostile enchantments.
   It affects your magic capacity (+9).
 x - the ring "Qiugeo" {rCorr +Inv rPois Int-3}
   (You found it on level 1 of the Swamp)

   [ring of resist corrosion]

   It affects your intelligence (-3).
   It protects you from poison.
   It lets you turn invisible.
 y - an uncursed ring of protection from fire
 A - the ring "Wushrael" {Wiz rC++ Slay+2}
   (You found it on level 1 of the Swamp)

   [ring of wizardry]

   It improves your spell success rate.
   It affects your accuracy and damage with ranged weapons and melee attacks
   (+2).
   It greatly protects you from cold.
 M - a ring of magical power (left hand)
 Q - an uncursed ring of flight
 W - a ring of poison resistance (right hand)
Wands
 k - a wand of iceblast (20)
 r - a wand of disintegration (15)
 X - a wand of digging (31)
Scrolls
 f - 19 scrolls of remove curse
 n - 5 scrolls of teleportation
 s - 5 scrolls of fog
 t - 3 scrolls of magic mapping
 w - 6 scrolls of immolation
 F - 7 scrolls of identify
 H - 2 scrolls of holy word
 L - 2 scrolls of fear
Potions
 a - 3 potions of berserk rage
 g - 5 potions of lignification
 h - a potion of curing
 j - 2 potions of mutation
 l - 3 potions of brilliance
 o - a potion of might
 q - a potion of agility
 u - 7 potions of ambrosia
 z - 5 potions of magic
 D - 2 potions of haste
 P - a potion of invisibility
 R - 8 potions of flight
 V - a potion of resistance
 Y - a potion of cancellation
Books
 b - a book of the Sky

   Spells                             Type                      Level
   a - Summon Lightning Spire         Summoning/Air                4
   b - Silence                        Hexes/Air                    5
   c - Deflect Missiles               Charms/Air                   6
   d - Conjure Ball Lightning         Conjuration/Air              6
   e - Tornado                        Air                          9
Miscellaneous
 v - a crystal ball of energy
 I - a lightning rod (4/4)
 O - a lamp of fire
 S - a fan of gales
 T - a phial of floods
Comestibles
 d - 38 rations


   Skills:
 + Level 10.7 Fighting
 - Level 10.2 Staves
 + Level 12.5 Armour
 + Level 10.9 Dodging
 - Level 1.7 Stealth
 + Level 7.1 Shields
 * Level 13.6 Spellcasting
 - Level 0.8 Transmutations
 * Level 2.4 Air Magic
 + Level 14.6 Earth Magic
 + Level 10.5 Evocations


You had 11 spell levels left.
You knew the following spells:

 Your Spells              Type           Power        Failure   Level  Hunger
a - Sandblast             Erth           ######       0%          1    None
b - Stone Arrow           Conj/Erth      ######       1%          3    None
c - Lee's Rapid Deconstr  Erth           ########..   1%          5    None
d - Petrify               Tmut/Erth      #######.     1%          4    None
e - Sticks to Snakes      Tmut           ####....     2%          2    None
f - Swiftness             Chrm/Air       ####....     2%          2    None
g - Passwall              Tmut/Erth      #######...   1%          2    None
h - Regeneration          Chrm/Necr      ###.......   8%          3    None
i - Borgnjor's Vile Clut  Necr/Erth      #######...   3%          5    None
l - Iron Shot             Conj/Erth      #######...   19%         6    ####...


Dungeon Overview and Level Annotations

Branches:
Dungeon (15/15)            Temple (0/1) D:5            Lair (6/6) D:10
  Swamp (4/4) Lair:4       Spider (4/4) Lair:3        Slime (0/5) Lair:5
    Orc (2/2) D:11            Elf (0/3) Orc:2        Vaults (3/5) D:14
 Depths (0/5) D:15
  Crypt: Vaults:2-3

Shops:
D:10 [   D:11 =   Orc:2 [((*   Vaults:3 *

Annotations:
Vaults:2 Saint Roka
Vaults:3 Boris


Innate Abilities, Weirdness & Mutations

You have an increased reservoir of magic. (+10% MP)


Message History

You see here 2 scrolls of remove curse.
Something conjures a glowing orb.
An orb of destruction comes into view.
Evoke which item? (* to show all) (? for menu, Esc to quit)
Okay, then.
Casting: Lee's Rapid Deconstruction
Confirm with . or Enter, or press ? or * to list all spells.
Okay, then.
Casting: Lee's Rapid Deconstruction
Confirm with . or Enter, or press ? or * to list all spells.
You don't have anything to turn into a snake.
The orb of destruction hits you!
Ouch! That really hurt!
Something conjures a glowing orb.
An orb of destruction comes into view.
As you read the scroll of teleportation, it crumbles to dust.
You feel strangely unstable.
You feel much better. The orb of destruction hits you!
Ouch! That really hurt!
You die...

*,,* *,,,,,,* *,,,,,,,,,* *,,*
*,,,,,,* *,,,,,,,,,* ,,,*
*,,,,,,* *,,,,,,,,,* **,*
*,,,,,,* *,,,,,,,,,* ,,,*
*,,,,,,* *,,,,,,,,,* ,,,*
*,,,,,,* *,,,,,,,,,*
*+*******######+######+##########
,,,,,,,,,........§§§§§...........
,,,,,,,,,.......@...=............
,,,,,,,,,..................?.....
,,,,,,,,,........................
,,,,,,,,,................∩.......
,,,,,,,**############............
,,,,,,,*,,***,,***,,#............
,,,,,,,*,,,,,,,,,,,,#.$..........
,,,,,,,**,,,****,,,*#.#########..
,,,,,,,**,,,,,,,,,,*#.*,,,,,,,#..


There were no monsters in sight!

Vanquished Creatures
  Mara (Swamp:3)
  Bai Suzhen (Swamp:3)
  Rupert (D:14)
  2 thorn hunters
  5 vault wardens
  A frost giant (Vaults:1)
  A deep elf sorcerer (Vaults:1)
  3 ghost moths
  5 emperor scorpions
  3 ironheart preservers
  3 entropy weavers
  2 stone giants
  A deep elf demonologist (Vaults:1)
  2 deep elf annihilators (Vaults:1)
  A dire elephant (Lair:6)
  A minotaur (Lab)
  Erolcha (D:12)
  Josephine (D:12)
  A yaktaur captain (Vaults:1)
  2 great orbs of eyes
  3 vault guards
  18 hydras
  Fannar (D:10)
  2 anacondas (Lair:5)
  4 merfolk avatars
  5 centaur warriors
  19 two-headed ogres
  Erica (Lair:1)
  A ghost crab (Swamp:1)
  13 alligators
  6 ogre magi
  2 death knights
  Urug (D:13)
  A vampire mage (D:15)
  Nergalle (D:12)
  A deep elf knight (Vaults:2)
  Sonja (D:12)
  5 skeletal warriors
  A shadow wraith (Vaults:3)
  A flayed ghost (Vaults:1)
  2 spriggan druids
  A glowing orange brain (Vaults:1)
  2 deep trolls (Orc:2)
  Pikel (D:6)
  12 swamp dragons
  A deep elf archer (Vaults:1)
  A shambling mangrove (Swamp:1)
  7 orc knights
  A wizard (Vaults:1)
  5 deep elf magi
  A sphinx zombie (Vaults:1)
  11 orb spiders
  3 ironbrand convokers
  2 necromancers
  4 wolf spider zombies (Spider:3)
  20 ugly things
  5 cyclopes
  4 manticores
  35 wolf spiders
  A frost giant zombie (D:15)
  11 elephants
  2 centaur zombies
  2 moths of wrath
  A molten gargoyle (Lair:3)
  5 gargoyles
  7 black mambas
  5 vault sentinels
  A spiny frog (shapeshifter) (Vaults:1)
  20 spiny frogs
  A stone giant skeleton (D:15)
  Psyche (D:12)
  3 torpor snails
  A kobold demonologist (D:13)
  7 rime drakes (Lair:6)
  9 komodo dragons
  An elf zombie (D:15)
  A rime drake (shapeshifter) (D:13)
  4 freezing wraiths
  An entropy weaver simulacrum (Vaults:1)
  13 demonic crawlers
  2 redback zombies
  A wind drake (Lair:6)
  3 meliai (D:15)
  13 trolls
  33 hornets
  2 jumping spider zombies (Spider:3)
  5 polar bears
  28 jumping spiders
  12 slime creatures
  8 tyrant leeches
  4 tarantella zombies (Spider:3)
  9 blink frogs
  10 bog bodies
  11 hippogriffs
  16 tarantellas
  59 redbacks
  11 spriggans
  6 wraiths
  3 shadows
  A vampire (D:15)
  15 humans
  An ice dragon skeleton (D:15)
  A wyvern (shapeshifter) (D:15)
  32 yaks
  8 wyverns
  4 basilisks
  2 hungry ghosts
  Menkaure (D:7)
  30 vampire mosquitoes
  Edmund (D:5)
  2 soldier ants (Spider:3)
  22 insubstantial wisps
  3 acid dragons
  21 swamp worms
  22 water moccasins
  An orb spider zombie (Spider:3)
  8 wargs
  3 small abominations (Spider:3)
  9 swamp drakes
  2 hornet zombies (Spider:3)
  11 porcupines
  3 sky beasts
  A necrophage (D:14)
  6 ice beasts
  30 orc warriors
  2 black bears (Lair:2)
  An eye of draining (D:11)
  28 ogres
  2 phantoms
  16 wolves
  An orc skeleton (Vaults:1)
  8 centaurs
  13 crocodiles
  3 big kobolds
  17 bullfrogs
  A human skeleton (Vaults:1)
  17 scorpions
  An orc simulacrum (Vaults:1)
  13 killer bees (D:11)
  9 wights (D:9)
  2 electric eels (Lair:4)
  2 howler monkeys
  4 jellies
  A quasit (D:13)
  2 crimson imps
  A bullfrog zombie (D:8)
  21 orc wizards
  Crazy Yiuf (D:4)
  A bullfrog skeleton (D:7)
  7 centaur skeletons
  16 orc priests
  5 hounds
  3 gnoll shamans
  7 iguanas
  24 worker ants
  2 hound zombies
  2 worker ant zombies
  A howler monkey skeleton (D:4)
  52 gnolls
  5 adders
  2 shadow imps
  An ooze (D:3)
  An adder zombie (D:5)
  2 adder skeletons
  4 worms
  2 dart slugs (D:1)
  3 leopard geckos
  92 orcs
  7 bats
  4 giant cockroaches
  7 goblins
  7 hobgoblins
  21 jackals
  2 quokkas
  4 frilled lizards
  A giant cockroach zombie (D:5)
  31 kobolds
  10 rats
  A bush (D:12)
  7 crawling corpses (Spider:3)
1316 creatures vanquished.

Vanquished Creatures (collateral kills)
  Donald (Swamp:2)
  Louise (Swamp:3)
  An emperor scorpion (Spider:4)
  A hydra (Swamp:2)
  A shambling mangrove (Swamp:2)
  A komodo dragon (Swamp:2)
  3 hornets (Swamp:2)
  A redback (Spider:4)
  2 vampire mosquitoes (Swamp:2)
  A swamp worm (Swamp:2)
  An orc warrior (D:10)
  A jackal (D:8)
15 creatures vanquished.

Vanquished Creatures (others)
  A spriggan (Swamp:3)
  A redback (Spider:3)
  A vampire mosquito (Swamp:3)
  An insubstantial wisp (Swamp:3)
  An orc wizard (D:7)
  An adder (D:6)
  An orc (Orc:2)
  A quokka (D:6)
  14 fungi
  12 plants
34 creatures vanquished.

Grand Total: 1365 creatures vanquished

Notes
Turn   | Place    | Note
-------+----------+-------------------------------------------
     0 | D:1      | HEYYEYAAE the Demigod Earth Elementalist began the quest for the Orb.
     0 | D:1      | Reached XP level 1. HP: 14/14 MP: 5/5
   138 | D:1      | Reached XP level 2. HP: 13/20 MP: 2/7
   245 | D:1      | Reached skill level 3 in Earth Magic
   700 | D:2      | Reached XP level 3. HP: 27/27 MP: 7/9
   764 | D:2      | Found an ornate altar of the Wu Jian Council.
   884 | D:2      | Found a white marble altar of Elyvilon.
   884 | D:2      | Found a glowing golden altar of the Shining One.
   888 | D:2      | Found a glowing silver altar of Zin.
  1141 | D:2      | Found a hazy altar of Hepliaklqana.
  1264 | D:2      | Found a faded altar of an unknown god.
  1896 | D:3      | Reached skill level 1 in Armour
  2139 | D:3      | Reached XP level 4. HP: 31/34 MP: 8/10
  2190 | D:3      | Reached skill level 1 in Fighting
  2686 | D:4      | Reached XP level 5. HP: 12/40 MP: 9/12
  3079 | D:4      | Found a runed door.
  3144 | D:4      | Reached skill level 4 in Earth Magic
  3269 | D:4      | Reached XP level 6. HP: 16/48 MP: 2/14
  3671 | D:4      | Reached skill level 1 in Evocations
  3751 | D:4      | Noticed Crazy Yiuf
  3756 | D:4      | Killed Crazy Yiuf
  3756 | D:4      | Reached XP level 7. HP: 55/55 MP: 10/15
  4008 | D:4      | Reached skill level 5 in Earth Magic
  4374 | D:5      | Entered Level 5 of the Dungeon
  4376 | D:5      | Noticed Edmund
  4386 | D:4      | Reached skill level 1 in Staves
  4464 | D:5      | Learned a level 3 spell: Stone Arrow
  4470 | D:5      | Learned a level 5 spell: Lee's Rapid Deconstruction
  4475 | D:5      | Learned a level 4 spell: Petrify
  4518 | D:5      | Found a hide-covered altar of Uskayaw.
  4722 | D:5      | Found a staircase to the Ecumenical Temple.
  4738 | D:5      | Killed Edmund
  4738 | D:5      | Reached XP level 8. HP: 45/63 MP: 11/18
  5035 | D:6      | Reached skill level 5 in Spellcasting
  5043 | D:6      | Noticed Pikel
  5063 | D:6      | Killed Pikel
  5063 | D:6      | Reached skill level 6 in Earth Magic
  5094 | D:6      | Reached XP level 9. HP: 55/71 MP: 3/20
  5348 | D:6      | Found the +1 cloak of Starlight {rElec rC+ EV+4 Stlth--}
  5660 | D:7      | Noticed Menkaure
  5664 | D:7      | Killed Menkaure
  5668 | D:7      | Found a blossoming altar of Fedhas.
  6256 | D:8      | Reached skill level 7 in Earth Magic
  7217 | D:9      | Reached XP level 10. HP: 65/80 MP: 23/23
  7385 | D:9      | Found the +9 scales of the Dragon King {rPois rF+ rC+ MR+}
  7731 | D:10     | Entered Level 10 of the Dungeon
  7750 | D:10     | Noticed a two-headed ogre
  7761 | D:10     | Killed a two-headed ogre
  7761 | D:10     | Reached skill level 5 in Dodging
  7761 | D:10     | Reached skill level 1 in Shields
  7774 | D:10     | Found a staircase to the Lair.
  7846 | D:10     | Noticed an elephant
  7864 | D:10     | Killed an elephant
  7878 | D:10     | Reached skill level 5 in Armour
  7899 | D:10     | Noticed Fannar
  7920 | D:10     | Killed Fannar
  7920 | D:10     | Reached skill level 5 in Fighting
  7920 | D:10     | Reached skill level 8 in Earth Magic
  8175 | D:10     | Found a bloodstained altar of Trog.
  8270 | D:10     | Found Pygrykh's Armour Boutique.
  8633 | D:11     | Noticed a manticore
  8642 | D:11     | Killed a manticore
  8642 | D:11     | Reached XP level 11. HP: 69/88 MP: 9/26
  8760 | D:11     | Got a polished mace {freeze}
  8956 | D:11     | Found a staircase to the Orcish Mines.
  9014 | D:11     | Identified the +10 mace "Busorao" {freeze, rElec rC- MR+} (You took it off an orc priest on level 11 of the Dungeon)
  9139 | D:11     | Found Plog's Jewellery Emporium.
  9147 | D:11     | Bought an uncursed amulet of magic regeneration for 390 gold pieces
  9548 | D:12     | Found a bloodstained altar of Trog.
  9551 | D:12     | Noticed Sonja
  9570 | D:12     | Killed Sonja
  9570 | D:12     | Reached skill level 5 in Evocations
  9793 | D:12     | Noticed a two-headed ogre
  9808 | D:12     | Killed a two-headed ogre
  9811 | D:12     | Reached skill level 5 in Staves
 10016 | D:12     | Noticed Psyche
 10021 | D:12     | Killed Psyche
 10077 | D:12     | Noticed Josephine
 10080 | D:12     | Noticed Erolcha
 10085 | D:12     | Killed Erolcha
 10086 | D:12     | Killed Josephine
 10086 | D:12     | Reached skill level 9 in Earth Magic
 10339 | D:12     | Noticed Nergalle
 10356 | D:12     | Killed Nergalle
 10712 | D:13     | Noticed Urug
 10722 | D:13     | Killed Urug
 10728 | D:13     | Noticed a death knight
 10807 | D:12     | Learned a level 2 spell: Sticks to Snakes
 10814 | D:12     | Learned a level 6 spell: Iron Shot
 10895 | Lair:1   | Entered Level 1 of the Lair of Beasts
 10895 | Lair:1   | Noticed a seven-headed hydra
 10903 | Lair:1   | Killed a seven-headed hydra
 10903 | Lair:1   | Reached XP level 12. HP: 80/96 MP: 20/28
 11047 | Lair:1   | Noticed Erica
 11051 | Lair:1   | Killed Erica
 12023 | Lair:2   | Noticed a four-headed hydra
 12033 | Lair:2   | Killed a four-headed hydra
 12652 | Lair:2   | Noticed a four-headed hydra
 12659 | Lair:2   | Killed a four-headed hydra
 12659 | Lair:2   | Reached skill level 10 in Earth Magic
 13154 | Lair:3   | Found a labyrinth entrance.
 13167 | Lab      | Entered a labyrinth
 13347 | Lab      | Noticed a minotaur
 13351 | Lab      | Killed a minotaur
 13374 | Lab      | Got a twisted mace {vamp}
 13394 | Lair:3   | Learned a level 2 spell: Swiftness
 13397 | Lair:3   | Learned a level 2 spell: Passwall
 13476 | Lair:3   | Noticed a seven-headed hydra
 13484 | Lair:3   | Killed a seven-headed hydra
 13493 | Lair:3   | Reached skill level 5 in Shields
 13519 | Lair:3   | Found a snail-covered altar of Cheibriados.
 13677 | Lair:3   | Found a hole to the Spider Nest.
 13686 | Lair:3   | Reached XP level 13. HP: 61/104 MP: 26/30
 14207 | Lair:3   | You fall through a shaft for 3 floors!
 14207 | Lair:6   | Entered Level 6 of the Lair of Beasts
 14334 | Lair:6   | Identified the +5 mace of Suisesont {vamp, rF+ Dex+5} (You took it off a minotaur in a labyrinth)
 14647 | Lair:6   | Noticed a dire elephant
 14662 | Lair:6   | Killed a dire elephant
 15195 | Lair:5   | Reached skill level 11 in Earth Magic
 15355 | Lair:5   | Found a viscous altar of Jiyva.
 15355 | Lair:5   | Found a staircase to the Slime Pits.
 15883 | Lair:6   | Reached skill level 10 in Spellcasting
 16131 | Lair:6   | Got a scorched dagger
 16520 | Lair:4   | HP: 2/107 [spiny frog (15)]
 16629 | Lair:4   | Reached XP level 14. HP: 95/114 MP: 29/32
 16631 | Lair:4   | Found a staircase to the Swamp.
 16666 | Lair:4   | Identified 2 scrolls of acquirement
 16677 | Lair:4   | Got a pair of steaming boots
 16683 | Lair:4   | Identified the +0 pair of boots of the Wilderness {Str+4} (You acquired it on level 4 of the Lair of Beasts)
 18174 | D:13     | Identified the +3 dagger of the Shark {speed, +Rage} (You found it on level 6 of the Lair of Beasts)
 18476 | D:14     | Found a gate to the Vaults.
 18476 | D:14     | Noticed Rupert
 19050 | D:14     | Found a snail-covered altar of Cheibriados.
 19096 | D:14     | Paralysed by Rupert for 4 turns
 19300 | D:14     | Killed Rupert
 19440 | D:15     | Entered Level 15 of the Dungeon
 19798 | D:15     | Found a staircase to the Depths.
 19933 | D:15     | Reached skill level 12 in Earth Magic
 20539 | Orc:1    | Entered Level 1 of the Orcish Mines
 20877 | Orc:2    | Entered Level 2 of the Orcish Mines
 20988 | Orc:2    | Found Raf Tepp's Antique Armour Boutique.
 21035 | Orc:2    | Reached XP level 15. HP: 70/123 MP: 2/35
 21368 | Orc:2    | Found Burr's Weapon Shoppe.
 21371 | Orc:2    | Found Fetwoh's Antique Weapon Boutique.
 21374 | Orc:2    | Bought a shimmering scale mail for 252 gold pieces
 21381 | Orc:2    | Found Xyixt's Assorted Antiques.
 21390 | Orc:2    | Bought a scroll of identify for 62 gold pieces
 21390 | Orc:2    | Bought a scroll of fog for 62 gold pieces
 21390 | Orc:2    | Bought a bound ruby amulet for 155 gold pieces
 21390 | Orc:2    | Bought a scroll of teleportation for 93 gold pieces
 21390 | Orc:2    | Bought 3 scrolls labeled SEGA IZIUHOOW for 93 gold pieces
 21390 | Orc:2    | Bought a potion of haste for 310 gold pieces
 21401 | Orc:2    | Identified the +4 scale mail of Distant Shores {-Cast Int+5} (You bought it in a shop on level 2 of the Orcish Mines)
 21432 | Orc:2    | Identified the amulet "Uzxufihi" {+Rage Str+4 Int+3 Dex+2} (You bought it in a shop on level 2 of the Orcish Mines)
 21586 | Orc:2    | Found a burning altar of Makhleb.
 21909 | Orc:2    | Found a staircase to the Elven Halls.
 22605 | Swamp:1  | Entered Level 1 of the Swamp
 22955 | Swamp:1  | Found a transporter.
 23197 | Swamp:1  | Found a transporter.
 23571 | Swamp:1  | Identified Sif Muna's Almanac of Blistering Aid
 23583 | Swamp:1  | Got a translucent brass ring
 23586 | Swamp:1  | Got a sparkling steel ring
 23608 | Swamp:1  | Identified the ring "Qiugeo" {rCorr +Inv rPois Int-3} (You found it on level 1 of the Swamp)
 23610 | Swamp:1  | Identified the ring "Wushrael" {Wiz rC++ Slay+2} (You found it on level 1 of the Swamp)
 23613 | Swamp:1  | Got an ancient lead ring
 23616 | Swamp:1  | Identified the ring of the Princess {rC+ Str+6 Stlth+} (You found it on level 1 of the Swamp)
 23625 | Swamp:1  | Learned a level 3 spell: Regeneration
 23755 | Swamp:2  | Noticed Donald
 23767 | Swamp:2  | Killed Donald
 25043 | Swamp:2  | Reached skill level 10 in Armour
 25816 | Swamp:3  | Noticed Bai Suzhen
 25864 | Swamp:3  | Killed Bai Suzhen
 25864 | Swamp:3  | Reached skill level 13 in Earth Magic
 25864 | Swamp:3  | Reached XP level 16. HP: 55/132 MP: 37/37
 26271 | Swamp:3  | Noticed Louise
 26283 | Swamp:3  | Killed Louise
 26489 | Swamp:4  | Entered Level 4 of the Swamp
 26622 | Swamp:4  | Noticed Mara
 26763 | Swamp:3  | Noticed HEYYEYAAE's illusion
 26764 | Swamp:3  | Killed Mara
 27795 | Swamp:4  | Got a decaying rune of Zot
 28177 | Spider:1 | Entered Level 1 of the Spider Nest
 28855 | Spider:1 | Upgraded the game from 0.21.0-22-g11d5b52 to 0.21.0-24-g2553a33
 29131 | Spider:2 | Reached skill level 10 in Dodging
 30241 | Spider:3 | Reached XP level 17. HP: 121/139 MP: 38/38
 30284 | Spider:3 | Reached skill level 10 in Fighting
 31684 | Spider:4 | Entered Level 4 of the Spider Nest
 32258 | Spider:4 | Paralysed by a hornet for 1 turns
 32274 | Spider:4 | Reached skill level 14 in Earth Magic
 33231 | Spider:4 | Reached skill level 10 in Evocations
 34201 | Spider:4 | Got a gossamer rune of Zot
 34589 | Vaults:1 | Entered Level 1 of the Vaults
 34604 | Vaults:1 | Reached skill level 10 in Staves
 34706 | Vaults:1 | Learned a level 5 spell: Borgnjor's Vile Clutch
 35197 | Vaults:1 | Noticed a Brimstone Fiend
 35780 | Vaults:1 | Noticed a Brimstone Fiend
 35781 | Vaults:1 | Paralysed by an ogre mage for 5 turns
 35785 | Vaults:1 | Noticed a Hell Sentinel
 35936 | Vaults:1 | Reached XP level 18. HP: 149/149 MP: 18/40
 36587 | Vaults:2 | Reached skill level 1 in Air Magic
 36814 | Vaults:2 | Noticed Saint Roka
 36998 | Vaults:3 | Found a flickering gateway to a bazaar.
 37010 | Bazaar   | Entered a bazaar
 37010 | Bazaar   | Found Gatotato's General Store.
 37010 | Bazaar   | Found Ynozof's Jewellery Emporium.
 37017 | Bazaar   | Bought the amulet of Ashenzari's Delight {RegenMP MR++ MP+9} for 1028 gold pieces
 37034 | Bazaar   | Bought a scroll of teleportation for 27 gold pieces
 37037 | Bazaar   | Found Iteome's Jewellery Boutique.
 37043 | Bazaar   | Found Zudokkump's General Store.
 37049 | Bazaar   | Found Ynyosaiw's General Store.
 37059 | Bazaar   | Bought a potion of heal wounds for 45 gold pieces
 37059 | Bazaar   | Bought a potion of invisibility for 72 gold pieces
 37059 | Bazaar   | Bought 13 stones for 11 gold pieces
 37059 | Bazaar   | Bought 32 stones for 28 gold pieces
 37059 | Bazaar   | Bought 12 stones for 10 gold pieces
 37078 | Bazaar   | Bought a scroll of immolation for 28 gold pieces
 37078 | Bazaar   | Bought a potion of flight for 24 gold pieces
 37078 | Bazaar   | Bought 10 stones for 8 gold pieces
 37095 | Bazaar   | Bought a scroll of fear for 31 gold pieces
 37095 | Bazaar   | Bought a ration for 45 gold pieces
 37095 | Bazaar   | Bought 3 scrolls of identify for 54 gold pieces
 37095 | Bazaar   | Bought a scroll of holy word for 67 gold pieces
 37095 | Bazaar   | Bought a scroll of fear for 31 gold pieces
 37657 | Vaults:3 | Noticed Boris
 37678 | Vaults:3 | Found Tant's General Store.
 37699 | Vaults:3 | Blown up by Boris

Skill      XL: |  1  2  3  4  5  6  7  8  9 10 11 12 13 14 15 16 17 18 |
---------------+-------------------------------------------------------+-----
Spellcasting   | 2 3 4 5 6 7 8 9 10 11 12 13 | 13.6
Earth Magic    | 3 4 5 6 7 8 9 10 11 12 13 14 | 14.6
Dodging        | 2 3 4 5 6 7 8 9 10 | 10.9
Armour         | 1 2 3 4 5 6 7 8 10 11 12 | 12.5
Fighting       | 1 2 3 4 5 6 7 8 9 10 | 10.7
Evocations     | 1 2 3 4 5 6 7 8 9 10 | 10.5
Staves         | 1 2 3 4 5 6 7 8 9 10 | 10.2
Shields        | 2 4 5 6 7 |  7.1
Air Magic      | 2 |  2.4
Stealth        | |  1.7
Transmutations | |  0.8

Action                   |  1- 3 |  4- 6 |  7- 9 | 10-12 | 13-15 | 16-18 || total
-------------------------+-------+-------+-------+-------+-------+-------++-------
Melee: Unarmed           |    27 |       |       |       |       |       ||    27
       Dagger            |    96 |   137 |       |       |       |       ||   233
       Quarterstaff      |       |       |   253 |   446 |   770 |   239 ||  1708
       Demon trident     |       |       |       |       |       |    30 ||    30
       Staff             |       |       |       |       |       |   133 ||   133
Throw: Stone             |       |       |       |     1 |     2 |     1 ||     4
 Cast: Sandblast         |    39 |    67 |   165 |    95 |   259 |   307 ||   932
       Stone Arrow       |       |       |       |   194 |   463 |   664 ||  1321
       Lee's Rapid Decon |       |       |       |     6 |    68 |    97 ||   171
       Petrify           |       |       |       |     5 |    35 |    42 ||    82
       Sticks to Snakes  |       |       |       |       |     7 |       ||     7
       Borgnjor's Vile C |       |       |       |       |       |    44 ||    44
Evoke: Wand              |       |     7 |     3 |    30 |    55 |    32 ||   127
       Lamp of fire      |       |       |       |     3 |     5 |     6 ||    14
       Lightning rod     |       |       |       |       |    16 |    15 ||    31
       Fan of gales      |       |       |       |       |     3 |     2 ||     5
       Phial of floods   |       |       |       |       |     2 |     3 ||     5
  Use: Potion            |       |     2 |     2 |     2 |     7 |    16 ||    29
       Scroll            |       |       |     6 |    25 |    35 |    24 ||    90
 Stab: Sleeping          |     4 |     1 |       |       |       |       ||     5
       Petrified         |       |       |     4 |       |     8 |     2 ||    14
       Paralysed         |       |       |     3 |     6 |       |       ||     9
       Confused          |       |       |     2 |     1 |       |       ||     3
       Invisible         |       |       |       |       |       |     4 ||     4
       Petrifying        |       |       |       |       |       |     2 ||     2
  Eat: Chunk             |     1 |     5 |    11 |    15 |    31 |    21 ||    84
       Ration            |     1 |       |       |     3 |     5 |     6 ||    15
Armor: Robe              |    12 |       |       |       |       |       ||    12
       Ring mail         |    30 |    57 |    90 |       |       |       ||   177
       Troll leather arm |       |       |    53 |   268 |   400 |   612 ||  1333
Dodge: Dodged            |    58 |   100 |   397 |   794 |  1478 |  1821 ||  4648
Block: Large shield      |       |       |       |       |       |    49 ||    49
       Buckler           |       |       |       |       |       |    18 ||    18
